PA
MT. VERNON BULLS @ IDAHO FALLS CHUKARS
09/04/2029
 
TOP OF THE 1ST
Mt. Vernon Bulls batting - Pitching for Idaho Falls Chukars : LHP Vicente Romero
Pitching: LHP Vicente Romero
Batting: SHB Toby Sutton 0-0: Ball
1-0: Ball
2-0: Ball
3-0: Base on Balls
Batting: RHB Beau Emery 0-0: Called Strike
0-1: Ball
1-1: Ball
2-1: Swinging Strike
2-2: Ball
3-2: Foul Ball, location: 2F
3-2: Base on Balls
Toby Sutton to second
Batting: RHB Chet Mathis 0-0: Foul Ball, location: 2F
0-1: Swinging Strike
0-2: Strikes out swinging
Batting: RHB Dixon Snyder 0-0: Called Strike
0-1: Ball
1-1: Ball
2-1: Ball
3-1: Called Strike
3-2: Base on Balls
Toby Sutton to third
Beau Emery to second
Batting: LHB Pablo Morales 0-0: Ball
1-0: Foul Ball, location: 2F
1-1: Called Strike
1-2: Strikes out swinging
Batting: RHB Robby Arnold 0-0: Called Strike
0-1: Foul Ball, location: 2F
0-2: Strikes out swinging
Top of the 1st over - 0 runs, 0 hits, 0 errors, 3 left on base; Mt. Vernon 0 - Idaho Falls 0
BOTTOM OF THE 1ST
Idaho Falls Chukars batting - Pitching for Mt. Vernon Bulls : LHP Steve Costlow
Pitching: LHP Steve Costlow
Batting: RHB Yoichibei Chikafuji 0-0: Ball
1-0: Ball
2-0: Foul Ball, location: 2F
2-1: Foul Ball, location: 2F
2-2: Foul Ball, location: 2F
2-2: Ball
3-2: Base on Balls
Batting: LHB Jared Morningstar 0-0: Fly out, F8 (Flyball, 8LD)
Batting: RHB Ilkka Haapajarvi 0-0: Ball
1-0: Ball
2-0: Called Strike
2-1: Called Strike
2-2: Fly out, F4 (Line Drive, 34)
Batting: SHB Tony Manzanares 0-0: Ball
1-0: Ball
2-0: Ball
3-0: Called Strike
3-1: Called Strike
3-2: Fly out, F9 (Flyball, 9)
Bottom of the 1st over - 0 runs, 0 hits, 0 errors, 1 left on base; Mt. Vernon 0 - Idaho Falls 0
TOP OF THE 2ND
Mt. Vernon Bulls batting - Pitching for Idaho Falls Chukars : LHP Vicente Romero
Batting: RHB Orlando Montejo 0-0: Foul Ball, location: 2F
0-1: Foul Ball, location: 2F
0-2: Hit by Pitch
Batting: RHB Ryan Robbins 0-0: Ball
1-0: Called Strike
1-1: Ball
2-1: Ball
3-1: Called Strike
3-2: Strikes out looking
Batting: RHB Renato Lavado 0-0: Ball
1-0: Called Strike
1-1: DOUBLE (Flyball, 89D)
Orlando Montejo to third
Batting: SHB Toby Sutton 0-0: Fly out, F8 (Flyball, 8LD)
Runner from 3rd tags up, SCORES, throw made
Batting: RHB Beau Emery 0-0: Ground out 4-3 (Groundball, 34)
Top of the 2nd over - 1 run, 1 hit, 0 errors, 1 left on base; Mt. Vernon 1 - Idaho Falls 0
BOTTOM OF THE 2ND
Idaho Falls Chukars batting - Pitching for Mt. Vernon Bulls : LHP Steve Costlow
Batting: LHB Víctor Puente 0-0: Ball
1-0: Foul Ball, location: 2F
1-1: SINGLE (Groundball, 34D)
Batting: RHB Luo-lang Li 0-0: Fly out, F7 (Flyball, 78D)
Batting: LHB Juan Rosado 0-0: Foul Ball, location: 2F
0-1: Called Strike
0-2: Ball
1-2: Ground out U3 (Groundball, 34S)
Víctor Puente to second
Batting: RHB Fytor Ceia 0-0: Ball
1-0: Called Strike
1-1: Ball
2-1: Ball
3-1: Called Strike
3-2: Strikes out swinging
Bottom of the 2nd over - 0 runs, 1 hit, 0 errors, 1 left on base; Mt. Vernon 1 - Idaho Falls 0
TOP OF THE 3RD
Mt. Vernon Bulls batting - Pitching for Idaho Falls Chukars : LHP Vicente Romero
Batting: RHB Chet Mathis 0-0: Called Strike
0-1: Foul Ball, location: 2F
0-2: Ball
1-2: Foul Ball, location: 2F
1-2: Ball
2-2: Fly out, F9 (Flyball, 9D)
Batting: RHB Dixon Snyder 0-0: Ball
1-0: Ball
2-0: DOUBLE (Groundball, 5L)
Batting: LHB Pablo Morales 0-0: Called Strike
0-1: Ball
1-1: Called Strike
1-2: Ball
2-2: Strikes out looking
Batting: RHB Robby Arnold 0-0: Ball
1-0: Ball
2-0: Ball
3-0: Called Strike
3-1: Foul Ball, location: 2F
3-2: Foul Ball, location: 2F
3-2: Base on Balls
Batting: RHB Orlando Montejo 0-0: Swinging Strike
0-1: Ball
1-1: Foul Ball, location: 2F
1-2: Strikes out swinging
Top of the 3rd over - 0 runs, 1 hit, 0 errors, 2 left on base; Mt. Vernon 1 - Idaho Falls 0
BOTTOM OF THE 3RD
Idaho Falls Chukars batting - Pitching for Mt. Vernon Bulls : LHP Steve Costlow
Batting: LHB Wulf Paauwe 0-0: Called Strike
0-1: Foul Ball, location: 2F
0-2: Ball
1-2: Ball
2-2: Strikes out swinging
Batting: RHB Yoichibei Chikafuji 0-0: Ground out 1-3 (Groundball, 15S)
Batting: LHB Jared Morningstar 0-0: Called Strike
0-1: Ball
1-1: Called Strike
1-2: Ball
2-2: Ball
3-2: Strikes out swinging
Bottom of the 3rd over - 0 runs, 0 hits, 0 errors, 0 left on base; Mt. Vernon 1 - Idaho Falls 0
TOP OF THE 4TH
Mt. Vernon Bulls batting - Pitching for Idaho Falls Chukars : LHP Vicente Romero
Batting: RHB Ryan Robbins 0-0: Called Strike
0-1: Foul Ball, location: 2F
0-2: Foul Ball, location: 2F
0-2: Strikes out looking
Batting: RHB Renato Lavado 0-0: Called Strike
0-1: Foul Ball, location: 2F
0-2: Ball
1-2: Strikes out swinging
Batting: SHB Toby Sutton 0-0: Ball
1-0: SINGLE (Groundball, 34D)
Batting: RHB Beau Emery 0-0: Ball
Toby Sutton steals 2nd base
1-0: Ball
2-0: Called Strike
2-1: Foul Ball, location: 2F
2-2: Fly out, F4 (Line Drive, 34)
Top of the 4th over - 0 runs, 1 hit, 0 errors, 1 left on base; Mt. Vernon 1 - Idaho Falls 0
BOTTOM OF THE 4TH
Idaho Falls Chukars batting - Pitching for Mt. Vernon Bulls : LHP Steve Costlow
Batting: RHB Ilkka Haapajarvi 0-0: Called Strike
0-1: Swinging Strike
0-2: Foul Ball, location: 2F
0-2: Foul Ball, location: 2F
0-2: SINGLE (Flyball, 9LS)
Batting: SHB Tony Manzanares 0-0: SINGLE (Flyball, 7S)
Ilkka Haapajarvi to second
Batting: LHB Víctor Puente 0-0: Fly out, F8 (Line Drive, 8RM)
Batting: RHB Luo-lang Li 0-0: Foul Ball, location: 2F
0-1: 3-RUN HOME RUN (Flyball, 7LD), Distance : 374 ft
Batting: LHB Juan Rosado 0-0: Called Strike
0-1: Ball
1-1: Called Strike
1-2: Strikes out looking
Batting: RHB Fytor Ceia 0-0: Ball
1-0: Foul Ball, location: 2F
1-1: SINGLE (Line Drive, 8LS)
Batting: LHB Wulf Paauwe 0-0: DOUBLE (Line Drive, 7D)
Fytor Ceia to third
Batting: RHB Yoichibei Chikafuji 0-0: Called Strike
0-1: Called Strike
0-2: Ground out 6-3 (Groundball, 6)
Bottom of the 4th over - 3 runs, 5 hits, 0 errors, 2 left on base; Mt. Vernon 1 - Idaho Falls 3
TOP OF THE 5TH
Mt. Vernon Bulls batting - Pitching for Idaho Falls Chukars : LHP Vicente Romero
Batting: RHB Chet Mathis 0-0: Ball
1-0: Called Strike
1-1: Ground out 1-3 (Groundball, P)
Batting: RHB Dixon Snyder 0-0: Swinging Strike
0-1: Called Strike
0-2: Foul Ball, location: 2F
0-2: Strikes out looking
Batting: LHB Pablo Morales 0-0: Called Strike
0-1: Swinging Strike
0-2: Strikes out swinging
Top of the 5th over - 0 runs, 0 hits, 0 errors, 0 left on base; Mt. Vernon 1 - Idaho Falls 3
BOTTOM OF THE 5TH
Idaho Falls Chukars batting - Pitching for Mt. Vernon Bulls : LHP Steve Costlow
Batting: LHB Jared Morningstar 0-0: Ball
1-0: Called Strike
1-1: Ball
2-1: DOUBLE (Line Drive, 8RD)
Batting: RHB Ilkka Haapajarvi 0-0: Intentional Walk
Batting: SHB Tony Manzanares 0-0: Called Strike
0-1: DOUBLE (Flyball, 78XD)
Jared Morningstar scores
Ilkka Haapajarvi to third
Runner from 3rd tries for Home, SAFE, no throw
Batting: LHB Víctor Puente 0-0: SINGLE (Groundball, 34D)
Tony Manzanares to third
Batting: RHB Luo-lang Li 0-0: Ball
1-0: Called Strike
1-1: Ball
2-1: Ball
3-1: Base on Balls
Víctor Puente to second
Batting: LHB Juan Rosado 0-0: Ball
1-0: Foul Ball, location: 2F
1-1: Hit by Pitch
Tony Manzanares scores
Víctor Puente to third
Luo-lang Li to second
Pitching: RHP Carlos Calderón
Batting: RHB Fytor Ceia 0-0: Swinging Strike
0-1: Called Strike
0-2: Ball
1-2: Ball
2-2: Grounds into fielders choice 3-2 (Groundball, 34)
Luo-lang Li to third
Juan Rosado to second
Batting: LHB Wulf Paauwe 0-0: Foul Ball, location: 2F
0-1: Ball
1-1: Ball
2-1: Grounds into fielders choice 6-2 (Groundball, 6)
Juan Rosado to third
Fytor Ceia to second
Batting: RHB Yoichibei Chikafuji 0-0: Swinging Strike
0-1: Reached on error, E3 (Groundball, 3)
Juan Rosado scores
Fytor Ceia to third
Wulf Paauwe to second
Batting: LHB Jared Morningstar 0-0: Foul Ball, location: 2F
0-1: SINGLE (Groundball, 34D)
Fytor Ceia scores
Wulf Paauwe to third
Yoichibei Chikafuji to second
Runner from 3rd tries for Home, SAFE, throw made home
Batting: RHB Ilkka Haapajarvi 0-0: Foul Ball, location: 2F
0-1: Ball
1-1: Foul Ball, location: 2F
1-2: Foul Ball, location: 2F
1-2: Strikes out looking
Bottom of the 5th over - 6 runs, 4 hits, 1 error, 2 left on base; Mt. Vernon 1 - Idaho Falls 9
TOP OF THE 6TH
Mt. Vernon Bulls batting - Pitching for Idaho Falls Chukars : LHP Vicente Romero
Pitching: RHP Juan Rúbio
Batting: RHB Robby Arnold 0-0: SINGLE (Flyball, 78S)
Batting: RHB Orlando Montejo 0-0: Ball
1-0: Ball
2-0: Ball
3-0: Base on Balls
Robby Arnold to second
Batting: RHB Ryan Robbins 0-0: Ball
1-0: SINGLE (Line Drive, 7LS)
Robby Arnold to third
Orlando Montejo to second
Runner from 3rd tries for Home, SAFE, no throw
Batting: RHB Renato Lavado 0-0: Called Strike
0-1: Fly out, F8 (Flyball, 8RXD)
Runner from 2nd tags up, SAFE at 3rd, no throw
Batting: SHB Toby Sutton 0-0: Ball
Ryan Robbins steals 2nd base
1-0: Ball
2-0: Ball
3-0: Called Strike
3-1: Base on Balls
Batting: RHB Beau Emery 0-0: Foul Ball, location: 2F
0-1: Fielders Choice at 2nd, 4-6 (Groundball, 4M)
Orlando Montejo scores
Ryan Robbins to third
Batting: RHB Chet Mathis 0-0: Ball
1-0: Called Strike
1-1: Ball
2-1: Called Strike
2-2: Ball
3-2: DOUBLE (Line Drive, 89D)
Ryan Robbins scores
Beau Emery to third
Beau Emery scores
Pitching: RHP Chin-seok Hwang
Batting: RHB Dixon Snyder 0-0: Ball
1-0: Ball
2-0: Foul Ball, location: 2F
2-1: Ground out 4-3 (Groundball, 4M)
Top of the 6th over - 4 runs, 3 hits, 0 errors, 1 left on base; Mt. Vernon 5 - Idaho Falls 9
BOTTOM OF THE 6TH
Idaho Falls Chukars batting - Pitching for Mt. Vernon Bulls : RHP Carlos Calderón
Batting: SHB Tony Manzanares 0-0: Called Strike
0-1: Ball
1-1: Ball
2-1: Ball
3-1: Ground out 1-3 (Groundball, P)
Batting: LHB Víctor Puente 0-0: Ball
1-0: Ball
2-0: Foul Ball, location: 2F
2-1: Ball
3-1: Fly out, F4 (Popup, 4)
Batting: RHB Luo-lang Li 0-0: Ball
1-0: Swinging Strike
1-1: Ball
2-1: Ball
3-1: Foul Ball, location: 2F
3-2: Strikes out swinging
Bottom of the 6th over - 0 runs, 0 hits, 0 errors, 0 left on base; Mt. Vernon 5 - Idaho Falls 9
TOP OF THE 7TH
Mt. Vernon Bulls batting - Pitching for Idaho Falls Chukars : RHP Chin-seok Hwang
Batting: LHB Pablo Morales 0-0: Called Strike
0-1: Ball
1-1: Fly out, F9 (Flyball, 9LD)
Batting: RHB Robby Arnold 0-0: Foul Ball, location: 2F
0-1: Ball
1-1: SINGLE (Line Drive, 3)
Batting: RHB Orlando Montejo 0-0: Ball
1-0: Called Strike
1-1: Ball
2-1: Called Strike
2-2: Foul Ball, location: 2F
2-2: Foul Ball, location: 2F
2-2: SINGLE (Flyball, 9LS)
Robby Arnold to second
Runner from 2nd tries for 3rd, SAFE, no throw
Batting: RHB Ryan Robbins 0-0: Called Strike
Pickoff Throw to First - Error! E1
Robby Arnold scores
Orlando Montejo to second
0-1: Foul Ball, location: 2F
0-2: Fly out, F4 (Flyball, 34D)
Batting: RHB Renato Lavado 0-0: Called Strike
0-1: Foul Ball, location: 2F
0-2: Foul Ball, location: 2F
0-2: Ball
1-2: Foul Ball, location: 2F
1-2: Ball
2-2: Strikes out looking
Top of the 7th over - 1 run, 2 hits, 1 error, 1 left on base; Mt. Vernon 6 - Idaho Falls 9
BOTTOM OF THE 7TH
Idaho Falls Chukars batting - Pitching for Mt. Vernon Bulls : RHP Carlos Calderón
Batting: LHB Juan Rosado 0-0: Ball
1-0: Ball
2-0: Foul Ball, location: 2F
2-1: Foul Ball, location: 2F
2-2: DOUBLE (Groundball, 3L)
Batting: RHB Fytor Ceia 0-0: Intentional Walk
Pitching: LHP Martín Salazar
Batting: LHB Wulf Paauwe 0-0: Ball
1-0: Called Strike
1-1: Ball
2-1: Swinging Strike
2-2: Ball
3-2: Strikes out swinging
Batting: RHB Yoichibei Chikafuji 0-0: Ball
1-0: Grounds into double play, 3-6-3 (Groundball, 3)
Bottom of the 7th over - 0 runs, 1 hit, 0 errors, 1 left on base; Mt. Vernon 6 - Idaho Falls 9
TOP OF THE 8TH
Mt. Vernon Bulls batting - Pitching for Idaho Falls Chukars : RHP Chin-seok Hwang
Batting: SHB Toby Sutton 0-0: Foul Ball, location: 2F
0-1: Ball
1-1: Foul Ball, location: 2F
1-2: Ball
2-2: Strikes out looking
Batting: RHB Beau Emery 0-0: Called Strike
0-1: Called Strike
0-2: Ball
1-2: Strikes out swinging
Batting: RHB Chet Mathis 0-0: Ball
1-0: Ball
2-0: TRIPLE (Flyball, 89XD)
Batting: RHB Dixon Snyder 0-0: Ball
1-0: Ball
2-0: Ball
3-0: Base on Balls
Batting: LHB Pablo Morales 0-0: Called Strike
0-1: Called Strike
0-2: Ball
1-2: Ball
2-2: Foul Ball, location: 2F
2-2: Fly out, F8 (Flyball, 8LM)
Top of the 8th over - 0 runs, 1 hit, 0 errors, 2 left on base; Mt. Vernon 6 - Idaho Falls 9
BOTTOM OF THE 8TH
Idaho Falls Chukars batting - Pitching for Mt. Vernon Bulls : LHP Martín Salazar
Batting: LHB Jared Morningstar 0-0: Ball
1-0: Ball
2-0: Foul Ball, location: 2F
2-1: Called Strike
2-2: DOUBLE (Line Drive, 9LM)
Batting: RHB Ilkka Haapajarvi 0-0: Intentional Walk
Batting: SHB Tony Manzanares 0-0: Ball
1-0: Ball
2-0: Ball
3-0: Base on Balls
Jared Morningstar to third
Ilkka Haapajarvi to second
Pinch Hitting: RHB Shih-k'ai Sima 0-0: Called Strike
0-1: Ball
1-1: Called Strike
1-2: Strikes out swinging
Batting: RHB Luo-lang Li 0-0: Grounds into fielders choice 6-2 (Groundball, 6)
Ilkka Haapajarvi to third
Tony Manzanares to second
Batting: LHB Juan Rosado 0-0: Ball
1-0: Ball
2-0: Ball
3-0: Called Strike
3-1: Reached on error, E3 (Groundball, 34S)
Ilkka Haapajarvi scores
Tony Manzanares to third
Luo-lang Li to second
Batting: RHB Fytor Ceia 0-0: Called Strike
0-1: Ball
1-1: Foul Ball, location: 2F
1-2: Fly out, F4 (Line Drive, 4)
Bottom of the 8th over - 1 run, 1 hit, 1 error, 3 left on base; Mt. Vernon 6 - Idaho Falls 10
TOP OF THE 9TH
Mt. Vernon Bulls batting - Pitching for Idaho Falls Chukars : RHP Chin-seok Hwang
Now in LF: Juan Sánchez
Batting: RHB Robby Arnold 0-0: Fly out, F8 (Flyball, 8RS)
Batting: RHB Orlando Montejo 0-0: Ball
1-0: Foul Ball, location: 2F
1-1: Ball
2-1: Ball
3-1: Foul Ball, location: 2F
3-2: Ground out 6-3 (Groundball, 6)
Batting: RHB Ryan Robbins 0-0: Ball
1-0: Swinging Strike
1-1: Swinging Strike
1-2: Strikes out looking
Top of the 9th over - 0 runs, 0 hits, 0 errors, 0 left on base; Mt. Vernon 6 - Idaho Falls 10
Tuesday, December 19th, 2017 - OOTP Baseball 18.8 Build 76